 Dungeon Crawl Stone Soup version 0.31-a0-16-g6d2539766c (webtiles) character file.

Game seed: 7526180170984107171

9337 Dirtsage the Severer (level 11, 0/112 HPs)
             Began as a Demonspawn Berserker on May 4, 2023.
             Was an Elder of Trog.
             Succumbed to Sonja's poison
             ... on level 10 of the Dungeon on May 8, 2023.
             The game lasted 00:17:51 (10729 turns).

Dirtsage the Severer (Demonspawn Berserker)        Turns: 10729, Time: 00:17:52

Health: 0/112      AC: 29    Str: 21    XL:     11   Next: 21%
Magic:  11/11      EV:  2    Int: 14    God:    Trog [****..]
Gold:   629        SH:  5    Dex: 14    Spells: 10/10 levels left

rFire   . . .        D - +3 hand axe
rCold   . . .        (no shield)
rNeg    . . .        u - melded +2 ring mail {rC+}
rPois   +            (helmet unavailable)
rElec   .            b - melded +2 cloak
rCorr   .            (gloves currently unavailable)
SInv    .            i - melded +0 pair of boots
Will    +....        C - amulet of reflection
Stlth   +            O - +4 ring of protection
HPRegen 0.38/turn    k - ring of willpower
MPRegen 0.24/turn

%: reflection, wizardry (x1)
@: lethally poisoned (0 -> -23), tree-form, on berserk cooldown, slowed, very
slow
A: stationary, stasis, torment immunity, boosted hp, (horns 3), (spiny 1), magic
regeneration, big brain 3
a: Renounce Religion, Berserk, Trog's Hand, Brothers in Arms


You were on level 10 of the Dungeon.
You worshipped Trog.
Trog was greatly pleased with you.
You were a tree.
You visited 2 branches of the dungeon, and saw 11 of its levels.
You also visited: Ossuary.

You collected 629 gold pieces.

Inventory:

Hand Weapons
 a - a +0 hand axe
 w - a +2 flail of protection
 D - a +3 hand axe (weapon)
 L - a +0 heavy hand axe
Missiles
 j - 3 curare-tipped darts (quivered)
 R - a throwing net
Armour
 b - a +2 cloak (melded)
 i - a +0 pair of boots (melded)
 p - a +0 kite shield
 u - a +2 ring mail of cold resistance (melded)
 z - a +2 kite shield
Jewellery
 g - a +6 ring of intelligence
 k - a ring of willpower (right branch)
 C - an amulet of reflection (around neck)
 I - a ring of protection from cold
 O - a +4 ring of protection (left branch)
Wands
 r - a wand of roots (12)
 M - a wand of charming (11)
 N - a wand of polymorph (7)
Scrolls
 c - 5 scrolls of teleportation {unknown}
 d - 2 scrolls of fear {unknown}
 e - 2 scrolls of fog {unknown}
 l - 6 scrolls of blinking {unknown}
 m - 8 scrolls of identify {unknown}
 o - a scroll of torment {unknown}
 q - 2 scrolls of vulnerability {unknown}
 s - a scroll of enchant weapon {unknown}
 y - a scroll of amnesia {unknown}
 E - 2 scrolls of butterflies {unknown}
 H - 2 scrolls of magic mapping {unknown}
 P - a scroll of noise {unknown}
 Q - a scroll of acquirement {unknown}
Potions
 f - 2 potions of flight
 h - 6 potions of haste
 n - 3 potions of brilliance {unknown}
 t - 2 potions of lignification
 v - a potion of attraction {unknown}
 x - 2 potions of curing {unknown}
 A - 4 potions of cancellation
 B - a potion of degeneration {unknown}
 F - a potion of magic {unknown}
 G - a potion of heal wounds {unknown}
 J - a potion of mutation {unknown}
 K - a potion of might {unknown}


   Skills:
 - Level 3.0 Fighting
 + Level 16.0 Axes
 - Level 1.7 Armour
 - Level 1.7 Dodging


You had 10 spell levels left.
You didn't know any spells.
Your spell library contained the following spells:

 Spells                   Type           Power      Damage    Failure   Level
 Magic Dart               Conj           0%         1d3       12%         1
 Slow                     Hex            0%         N/A       12%         1
 Call Imp                 Summ           0%         N/A       17%         2
 Cigotuvi's Dreadful Rot  Necr/Pois/Air  0%         N/A       17%         2
 Scorch                   Fire           0%         2d5       17%         2
 Confusing Touch          Hex            0%         N/A       32%         3
 Hailstorm                Conj/Ice       0%         3d3       32%         3
 Mephitic Cloud           Conj/Pois/Air  0%         N/A       32%         3
 Portal Projectile        Hex/Tloc       0%         N/A       32%         3
 Tukima's Dance           Hex            0%         N/A       32%         3
 Vampiric Draining        Necr           0%         2d6       32%         3
 Dispel Undead            Necr           0%         3d6       71%         4
 Flame Wave               Conj/Fire      0%         2d4       71%         4
 Ice Form                 Ice/Tmut       0%         N/A       71%         4
 Passage of Golubria      Tloc           0%         N/A       71%         4
 Blade Hands              Tmut           0%         N/A       95%         5
 Yara's Violent Unravell  Hex/Tmut       0%         3d3       95%         5
 Death Channel            Necr           0%         N/A       100%        6
 Simulacrum               Ice/Necr       0%         N/A       100%        6
 Summon Cactus Giant      Summ           0%         N/A       100%        6


Dungeon Overview and Level Annotations

Branches:
Dungeon (10/15)            Temple (1/1) D:4         Ossuary (visited)
   Lair: D:8-11         Orc: D:9-12

Altars:
Ashenzari
Cheibriados
Dithmenos
Fedhas
Gozag
Hepliaklqana
Kikubaaqudgha
Makhleb
Nemelex Xobeh
Okawaru
Qazlal
Ru
Sif Muna
Trog
Uskayaw
Vehumet
Wu Jian
Xom
Yredelemnul

Shops:
D:7 *

Annotations:
D:7 1 runed translucent door, Xtruder99's ghost, novice OpFi
D:10 Sonja


Innate Abilities, Weirdness & Mutations

You are a tree.
Your roots penetrate the ground, keeping you stationary.
You cannot be teleported.
You are immune to unholy pain and torment.
Your maximum health is greatly increased.
Your equipment is partially melded.
((You have a pair of large horns on your head.))
((You are partially covered in sharp spines.))
You regenerate magic rapidly.
You have an absolutely massive brain. (Int +6, Wiz)


Message History

You take 6 damage, and have 35/75 hp.
You miss Sonja. Your headbutt misses Sonja.
Sonja is severely wounded.
You feel very sick.
Sonja mumbles some strange words.
Sonja blinks!
You take 6 damage, and have 29/75 hp.
You feel extremely sick.
You take 6 damage, and have 23/75 hp.
It was a potion of cancellation.
Your magical effects are unravelling.
You feel magically purged.
You feel yourself speed up.
You feel very sick. Sonja is struck by your spines.
Sonja hits you but does no damage.
You are lethally poisoned!
You block Sonja's attack.
Sonja hits you with a +2 short sword of venom.
* * * LOW HITPOINT WARNING * * *
You are more poisoned.
Sonja casts a spell.
Sonja blinks!
You take 6 damage, and have 17/75 hp.
It was a potion of lignification.
You turn into a tree.
Your +2 cloak melds into your body.
Your +0 pair of boots melds into your body.
Your +2 ring mail of cold resistance melds into your body.
You feel less resistant to cold.
Your roots penetrate the ground.
* * * LOW HITPOINT WARNING * * *
You feel extremely sick.
Sonja throws a curare-tipped dart.
The curare-tipped dart hits you.
You have difficulty breathing.
* * * LOW HITPOINT WARNING * * *
You feel yourself slow down.
Sonja throws a curare-tipped dart.
The curare-tipped dart hits you.
You have difficulty breathing.
* * * LOW HITPOINT WARNING * * *
You feel as though you will be slow longer.
You now have 7/112 hp.
It was a potion of flight.
Your roots keep you in place.
You die...

........## #........
.........## ##..........
..........###............
...........#..............
..........................
.##.......................
..#...............K......
#......................#
##..............♣......#
##...............§....##
#....................##
...###...............##
#### #................###
# ##............###†..#
##..........####
##........
####..........## #..##....
##...###......## #..# #..


You could see Sonja.

Vanquished Creatures
  Erica (D:9)
  A two-headed ogre (D:9)
  Joseph (D:9)
  A gargoyle (D:10)
  4 kobold demonologists
  12 yaks
  A wyvern (D:10)
  A shadow (D:9)
  A wraith (D:10)
  4 hogs (D:9)
  A human (D:9)
  2 steam dragons (D:8)
  An acid dragon (D:10)
  A black bear (D:6)
  2 orc warriors
  2 ice beasts
  An ogre (D:4)
  3 centaurs
  A phantom (D:4)
  6 kobold brigands
  A gnoll sergeant (D:8)
  3 bullfrogs
  4 scorpions
  4 wights (D:7)
  6 killer bees (D:9)
  A howler monkey (D:6)
  4 centaur zombies (Ossuary)
  A jelly (D:5)
  3 orc priests
  Crazy Yiuf (D:3)
  2 hounds (D:6)
  3 sleepcaps
  Ijyb (D:3)
  Terence (D:3)
  3 iguanas
  3 orc wizards
  5 mummies (Ossuary)
  6 adders
  15 gnolls
  A shadow imp (D:7)
  An ufetubus (D:6)
  2 worms
  A dart slug (D:2)
  24 orcs
  4 ball pythons
  4 bats
  5 endoplasms
  3 giant cockroaches
  7 goblins
  7 hobgoblins
  9 kobolds
  5 quokkas
  9 frilled lizards
  5 hobgoblin zombies (Ossuary)
  A quokka zombie (D:7)
  5 rats
  A rat zombie (D:7)
208 creatures vanquished.

Vanquished Creatures (others)
  A human (D:5)
1 creature vanquished.

Grand Total: 209 creatures vanquished

Notes
Turn   | Place    | Note
-------+----------+-------------------------------------------
     0 | D:1      | Dirtsage the Demonspawn Berserker began the quest for the
                  | Orb.
     0 | D:1      | Reached XP level 1. HP: 18/18 MP: 1/1
   112 | D:1      | Reached skill level 3 in Axes
   226 | D:1      | Gained mutation: You have a pair of small horns on your
                  | head. [demonic ancestry]
   226 | D:1      | Reached XP level 2. HP: 23/24 MP: 2/2
   470 | D:1      | Found a faded altar of an unknown god.
  1047 | D:2      | Gained mutation: You have an unusually large brain. (Int
                  | +2) [demonic ancestry]
  1047 | D:2      | Reached XP level 3. HP: 29/29 MP: 3/3
  1151 | D:2      | Reached ** piety under Trog
  1152 | D:2      | Reached skill level 4 in Axes
  1909 | D:3      | Gained mutation: You have an extremely huge brain. (Int +4)
                  | [demonic ancestry]
  1909 | D:3      | Reached XP level 4. HP: 35/35 MP: 4/4
  2053 | D:3      | Reached skill level 5 in Axes
  2217 | D:3      | Noticed Ijyb
  2218 | D:3      | Found a basalt altar of Yredelemnul.
  2218 | D:3      | Noticed Terence
  2226 | D:3      | Killed Terence
  2227 | D:3      | Gained mutation: You have a pair of horns on your head.
                  | [demonic ancestry]
  2227 | D:3      | Reached XP level 5. HP: 30/41 MP: 5/5
  2234 | D:3      | Killed Ijyb
  2238 | D:3      | Upgraded the game from 0.31-a0-4-gefa6de2278 to
                  | 0.31-a0-16-g6d2539766c
  2834 | D:3      | Found a runed translucent door.
  2835 | D:3      | Noticed Crazy Yiuf
  2842 | D:3      | Killed Crazy Yiuf
  2897 | D:4      | Noticed a phantom
  2917 | D:4      | Killed a phantom
  2918 | D:4      | Reached skill level 6 in Axes
  2918 | D:4      | Gained mutation: You have an absolutely massive brain. (Int
                  | +6, Wiz) [demonic ancestry]
  2918 | D:4      | Reached XP level 6. HP: 45/47 MP: 6/6
  2934 | D:4      | Noticed an ice beast
  2939 | D:4      | Killed an ice beast
  2940 | D:4      | Found a staircase to the Ecumenical Temple.
  2998 | Temple   | Entered the Ecumenical Temple
  3423 | D:4      | Reached skill level 7 in Axes
  3592 | D:4      | Gained mutation: You are partially covered in sharp spines.
                  | [demonic ancestry]
  3592 | D:4      | Reached XP level 7. HP: 52/52 MP: 7/7
  4045 | D:5      | Entered Level 5 of the Dungeon
  4279 | D:5      | Reached skill level 8 in Axes
  4808 | D:5      | Found an ancient bone altar of Kikubaaqudgha.
  4809 | D:5      | Noticed a human
  4811 | D:5      | Killed a human
  5263 | D:6      | Reached skill level 9 in Axes
  5263 | D:6      | Reached XP level 8. HP: 57/58 MP: 8/8
  5632 | D:6      | Reached skill level 10 in Axes
  6089 | D:7      | Reached *** piety under Trog
  6211 | D:7      | Reached skill level 11 in Axes
  6275 | D:7      | Found a sand-covered staircase.
  6282 | Ossuary  | Entered an ossuary
  6292 | Ossuary  | Gained mutation: You have a pair of large horns on your
                  | head. [demonic ancestry]
  6292 | Ossuary  | Reached XP level 9. HP: 45/63 MP: 9/9
  6594 | D:7      | Found Moumael's Overcharged Wands.
  6623 | D:7      | Found a runed translucent door.
  6625 | D:7      | Noticed Xtruder99's ghost (novice OpFi)
  6625 | D:7      | Noticed a brown ugly thing
  7801 | D:8      | Reached **** piety under Trog
  7802 | D:8      | Reached skill level 12 in Axes
  8457 | D:9      | Noticed a kobold demonologist
  8462 | D:9      | Reached skill level 13 in Axes
  8468 | D:9      | Killed a kobold demonologist
  8474 | D:9      | Reached XP level 10. HP: 70/70 MP: 10/10
  8680 | D:9      | Noticed Erica
  8690 | D:9      | Killed Erica
  8695 | D:9      | Reached skill level 14 in Axes
  8983 | D:9      | Noticed a two-headed ogre
  8990 | D:9      | Killed a two-headed ogre
  8991 | D:9      | Reached skill level 15 in Axes
  9068 | D:9      | Found a bloodstained altar of Trog.
  9185 | D:9      | Found a radiant altar of Vehumet.
  9439 | D:9      | Noticed Joseph
  9454 | D:9      | Killed Joseph
  9832 | D:10     | Entered Level 10 of the Dungeon
  9859 | D:10     | Noticed a gargoyle
  9867 | D:10     | Killed a gargoyle
 10012 | D:10     | Gained mutation: You regenerate magic rapidly. [demonic
                  | ancestry]
 10012 | D:10     | Reached XP level 11. HP: 54/75 MP: 11/11
 10703 | D:10     | Noticed Sonja
 10713 | D:10     | Reached skill level 16 in Axes
 10729 | D:10     | Succumbed to Sonja's poison

Illustrated notes

Levels and vault maps discovered:
D:1:      lemuel_arrival_rhombus, layout_loops_ring,
          dreamdust_ecumenical_altar_grove, chequers_serial_rivers_large_a,
          minmay_lizard_pond
D:2:      layout_basic
D:3:      layout_basic, yredelemnul_altar_generic, uniq_terence,
          uniq_crazy_yiuf_cottage, uniq_ijyb
D:4:      layout_gridville, temple_fountains
D:5:      layout_layer_cave, tgw_kikubaaqudgha
D:6:      layout_basic
D:7:      layout_layer_cave, elyvilon_altar_3, ebering_ghost_inner_flame,
          enter_ossuary_4, nicolae_shop_overcharged_wands
D:8:      layout_loops_ring, minmay_door_square
D:9:      layout_basic, mainiacjoe_overflow_catwalk_spiral, grunt_livestock,
          uniq_erica, uniq_joseph
D:10:     layout_layer_cave, uniq_sonja
Temple:   minmay_crystal_spiral_temple

Skill      XL: |  1  2  3  4  5  6  7  8  9 10 11 |
---------------+----------------------------------+-----
Axes           | 3 4 5 6 7 9 11 13 15 16 | 16.0
Fighting       | |  3.0
Armour         | |  1.7
Dodging        | |  1.7

Action                     |  1- 3 |  4- 6 |  7- 9 | 10-12 || total
---------------------------+-------+-------+-------+-------++-------
  Melee: Hand axe          |   103 |    97 |   252 |   164 ||   616
         Headbutt          |    13 |    22 |    61 |    28 ||   124
         Punch             |     1 |     2 |     7 |     6 ||    16
 Invoke: Berserk           |     2 |     6 |     8 |     6 ||    22
    Use: Potion            |       |       |       |     3 ||     3
   Stab: Sleeping          |     1 |       |     1 |       ||     2
 Armour: Animal skin       |    12 |       |       |       ||    12
         Leather armour    |    18 |     6 |       |       ||    24
         Ring mail         |       |    21 |    78 |    48 ||   147
  Dodge: Dodged            |    63 |    53 |    89 |    59 ||   264
  Block: Other             |       |       |    26 |    32 ||    58
         Reflection        |       |       |     1 |     1 ||     2

Table legend: (Time is in decaauts)
 A = Elapsed time spent in this place.
 B = Non-inter-level travel time spent in this place.
 C = Inter-level travel time spent in this place.
 D = Time resting spent in this place.
 E = Time spent auto-exploring this place.
 F = Levels seen in this place.
 G = Mean time per level.
                   A        B        C        D        E       F      G
               +--------+--------+--------+--------+--------+-----+--------+
         Total |  10821 |  10270 |    551 |   1314 |   7716 |  12 |  901.8 |
       Dungeon |  10461 |   9993 |    468 |   1314 |   7509 |  10 | 1046.1 |
        Temple |    211 |    128 |     83 |      0 |    112 |   1 |  211.0 |
       Ossuary |    148 |    148 |      0 |      0 |     95 |   1 |  148.0 |
               +--------+--------+--------+--------+--------+-----+--------+

Top non-repeatable levels by time:
     D:9: 1362 daAuts
     D:7: 1232 daAuts
     D:5: 1151 daAuts
     D:8: 1081 daAuts
     D:3: 1042 daAuts
     D:1: 992 daAuts
     D:4: 952 daAuts
     D:2: 935 daAuts
    D:10: 898 daAuts
     D:6: 812 daAuts
  Temple: 211 daAuts
 Ossuary: 148 daAuts
